 Dungeon Sprint DCSS version 0.23.0 (webtiles) character file.

Game seed: 6595676178266734215

434 Infinimo the Martial Artist (level 6, -7/43 HPs)
             Began as a Demonspawn Transmuter on Feb 17, 2019.
             Was an Initiate of Okawaru.
             Shot with an arrow by a centaur warrior (17 damage)
             ... in the Dungeon (Sprint I: "Red Sonja").
             The game lasted 00:01:27 (725 turns).

Infinimo the Martial Artist (Demonspawn Transmuter)  Turns: 725, Time: 00:01:28

Health: -7/43      AC:  2    Str: 12    XL:     6   Next: 67%
Magic:  6/9        EV: 19    Int: 15    God:    Okawaru [......]
Gold:   297        SH:  0    Dex: 18    Spells: 5/9 levels left

rFire    . . .     SeeInvis .     - Unarmed
rCold    . . .     Gourm    .   (shield currently unavailable)
rNeg     . . .     Faith    .   (armour currently unavailable)
rPois    x         Spirit   .   (helmet currently unavailable)
rElec    .         Reflect  .   (cloak currently unavailable)
rCorr    .         Harm     .   (gloves currently unavailable)
MR       .....     NoTele   +   (boots currently unavailable)
Stlth    +.........             (no amulet)
HPRegen  0.14/turn              (no ring)
MPRegen  0.11/turn              (no ring)

@: spider-form, very slow
A: tiny
a: End Transformation, Renounce Religion


You were in the Dungeon.
You worshipped Okawaru.
Okawaru was noncommittal.
You were not hungry.
You were a venomous arachnid creature.
You visited 1 branch You collected 297 gold pieces.

Inventory:

Missiles
 a - 12 arrows
Armour
 b - a +0 robe (melded)
Wands
 k - a wand of acid (4)
Scrolls
 i - a scroll of identify
 j - a scroll of blinking
Potions
 e - a potion of curing
 f - a potion of heal wounds
 g - a potion of haste
 h - 2 potions of magic
Comestibles
 d - a ration


   Skills:
 - Level 1.0 Fighting
 - Level 1.7 Dodging
 * Level 11.0 Unarmed Combat
 - Level 2.0 Spellcasting
 + Level 7.9 Transmutations


You had 5 spell levels left.
You knew the following spells:

 Your Spells              Type           Power        Failure   Level  Hunger
a - Beastly Appendage     Tmut           ####..       4%          1    #......
b - Spider Form           Tmut/Pois      ##........   30%         3    ###....

Your spell library contained the following spells:

 Spells                   Type           Power        Failure   Level  Hunger
 Sticks to Snakes         Tmut           ####....     6%          2    ###....
 Blade Hands              Tmut           ####......   45%         5    ######.
 Ice Form                 Ice/Tmut       ##......     63%         4    #####..


Dungeon Overview and Level Annotations

Branches:
Dungeon (1/1)

Altars:
Cheibriados
Dithmenos
Elyvilon
Fedhas
Gozag
Hepliaklqana
Kikubaaqudgha
Nemelex Xobeh
Okawaru
Qazlal
Ru
Sif Muna
Trog
Uskayaw
Vehumet
Wu Jian
Yredelemnul
Zin
The Shining One

Shops:
D (


Innate Abilities, Weirdness & Mutations

((You have razor-sharp toenails.))


Message History

You enter the shallow water.
Moving in this stuff is going to be slow.
There is an open door here.
Casting: Spider Form (safe; 13% risk of failure)
Confirm with . or Enter, or press ? or * to list all spells.
You turn into a venomous arachnid creature.
Your +0 robe melds into your body.
Unknown command.
You enter the shallow water.
Moving in this stuff is going to be slow.
The centaur warrior shouts! x2
The centaur warrior wields a +0 longbow.
The centaur warrior shoots an arrow.
The arrow hits you!!
You hear a splash.
The centaur warrior wields a +0 shortbow.
The centaur warrior shoots an arrow.
The arrow hits you!
* * * LOW HITPOINT WARNING * * *
You hear a splash.
The centaur warrior shoots an arrow.
The arrow hits you!
You die...

##############
.#..').#.)'..#
.').#..'..#..+
.#####'#####'# ##
.####..#...#.####§§#
.#__####..##.#≈≈s§c#
.#_____##'#_§§§§§§§+
⌠#_.∩...'..._#§§≈§c#
##_..__##_.#'##+####
#_____###+#.#
####### ###


You could see 2 centaur warriors.

Vanquished Creatures
  Sigmund (D)
  A yak (D)
  An ogre (D)
  A jelly (D)
  Ijyb (D)
5 creatures vanquished.

Notes
Turn   | Place    | Note
-------+----------+-------------------------------------------
     0 | D        | Infinimo the Demonspawn Transmuter began the quest for the
                  | Orb.
     0 | D        | Reached XP level 1. HP: 15/15 MP: 3/3
     1 | D        | Noticed Ijyb
     8 | D        | Killed Ijyb
     8 | D        | Reached skill level 5 in Unarmed Combat
     8 | D        | Gained mutation: You have sharp toenails. [demonic
                  | ancestry]
     8 | D        | Reached XP level 2. HP: 20/21 MP: 5/5
     9 | D        | Noticed an ogre
    13 | D        | Killed an ogre
    13 | D        | Reached skill level 7 in Unarmed Combat
    13 | D        | Reached skill level 5 in Transmutations
    13 | D        | Gained mutation: You have razor-sharp toenails. [demonic
                  | ancestry]
    13 | D        | Reached XP level 3. HP: 5/26 MP: 6/6
    13 | D        | Reached XP level 4. HP: 6/32 MP: 7/7
   280 | D        | Learned a level 3 spell: Spider Form
   282 | D        | Noticed Sigmund
   291 | D        | Killed Sigmund
   291 | D        | Reached skill level 9 in Unarmed Combat
   291 | D        | Reached XP level 5. HP: 37/37 MP: 5/8
   291 | D        | Reached XP level 6. HP: 43/43 MP: 5/9
   364 | D        | Found a deep blue altar of Sif Muna.
   365 | D        | Found an ornate altar of the Wu Jian Council.
   366 | D        | Found a radiant altar of Vehumet.
   374 | D        | Reached skill level 10 in Unarmed Combat
   403 | D        | Found Meab's Antique Weapon Emporium.
   403 | D        | Found an ancient bone altar of Kikubaaqudgha.
   403 | D        | Found a hazy altar of Hepliaklqana.
   403 | D        | Found a stormy altar of Qazlal.
   403 | D        | Found a hide-covered altar of Uskayaw.
   403 | D        | Found a blossoming altar of Fedhas.
   403 | D        | Found a bloodstained altar of Trog.
   403 | D        | Found an iron altar of Okawaru.
   403 | D        | Found a basalt altar of Yredelemnul.
   403 | D        | Found a glowing golden altar of the Shining One.
   403 | D        | Found a snail-covered altar of Cheibriados.
   403 | D        | Found a sacrificial altar of Ru.
   403 | D        | Found a glowing silver altar of Zin.
   403 | D        | Found a shadowy altar of Dithmenos.
   403 | D        | Found a white marble altar of Elyvilon.
   403 | D        | Noticed a yak
   404 | D        | Found an opulent altar of Gozag.
   409 | D        | Killed a yak
   409 | D        | Reached skill level 11 in Unarmed Combat
   410 | D        | Found a sparkling altar of Nemelex Xobeh.
   622 | D        | Became a worshipper of Warmaster Okawaru
   653 | D        | Noticed a centaur warrior
   654 | D        | Noticed a centaur warrior
   725 | D        | Shot with an arrow by a centaur warrior

Skill      XL: |  1  2  3  4  5  6 |
---------------+-------------------+-----
Unarmed Combat | 5 7 9 11 | 11.0
Transmutations | 3 5 6 7 |  7.9
Fighting       | |  1.0
Dodging        | |  1.7
Spellcasting   | |  2.0

Action                   |  1- 3 |  4- 6 || total
-------------------------+-------+-------++-------
Melee: Unarmed           |     6 |    16 ||    22
       Punch             |     1 |       ||     1
 Cast: Spider Form       |       |     4 ||     4
  Use: Potion            |     1 |       ||     1
       Scroll            |       |     1 ||     1
Dodge: Dodged            |     1 |    10 ||    11
